 Dungeon Crawl Stone Soup version 0.26-a0-818-g75db068ed4 (webtiles) character file.

Game seed: 12911965251601321111

1128 jasper the Carver (level 8, 0/67 HPs)
             Began as a Palentonga Delver on Nov 15, 2020.
             Was an Initiate of Dithmenos.
             Slain by a centaur (1 damage)
             ... on level 6 of the Dungeon.
             The game lasted 00:06:52 (6473 turns).

jasper the Carver (Palentonga Delver)               Turns: 6473, Time: 00:06:52

Health: 0/67       AC: 14    Str: 16    XL:     8   Next: 13%
Magic:  8/8        EV:  7    Int: 10    God:    Dithmenos [......]
Gold:   313        SH:  0    Dex: 14    Spells: 7/7 levels left

rFire    + . .     SeeInvis +   a - +0 falchion
rCold    . . .     Faith    .   (no shield)
rNeg     . . .     Spirit   .   k - +0 scale mail
rPois    .         Reflect  .   (no helmet)
rElec    .         Harm     .   n - +0 cloak
rCorr    +         Rampage  .   (no gloves)
MR       .....                  (no barding)
Stlth    +.........             (no amulet)
HPRegen  0.21/turn              i - ring of protection from fire
MPRegen  0.11/turn              x - ring of resist corrosion

@: mighty, curled up
A: large, rugged brown scales 3, see invisible, deformed body, roll 1, armoured
tail, reflexive curl
a: Rolling Charge, Renounce Religion


You were on level 6 of the Dungeon.
You worshipped Dithmenos.
Dithmenos was noncommittal.
You visited 1 branch of the dungeon, and saw 6 of its levels.

You collected 313 gold pieces.

Inventory:

Hand Weapons
 a - a +0 falchion (weapon)
Missiles
 l - 165 stones (quivered)
 m - 48 poisoned darts
 u - a throwing net
 y - 6 boomerangs of dispersal
Armour
 b - a +0 leather armour
 k - a +0 scale mail (worn)
 n - a +0 cloak (worn)
Jewellery
 h - a +6 ring of intelligence
 i - a ring of protection from fire (left hand)
 t - an uncursed ring of see invisible
 x - a ring of resist corrosion (right hand)
Wands
 g - a wand of digging (8)
Scrolls
 c - a scroll of fog
 d - 3 scrolls of magic mapping
 e - a scroll of fear
 j - a scroll of blinking
 o - a scroll of immolation
 q - 2 scrolls of remove curse
 w - a scroll of noise
 A - 2 scrolls of enchant armour
Potions
 f - a potion of cancellation
 v - a potion of brilliance {unknown}
 z - a potion of heal wounds {unknown}


   Skills:
 - Level 3.0 Fighting
 + Level 9.8 Long Blades
 - Level 1.5 Dodging
 - Level 3.3 Stealth


You had 7 spell levels left.
You didn't know any spells.
Your spell library was empty.

Dungeon Overview and Level Annotations

Branches:
Dungeon (6/15)             Temple (0/1) D:5

Altars:
Dithmenos
Fedhas
Sif Muna
Uskayaw
Vehumet
Xom

Annotations:
D:5 2 runed translucent doors, tinescath's ghost, novice GrEE


Innate Abilities, Weirdness & Mutations

You are completely covered in rugged brown scales. (AC +3, +7% HP)
You have supernaturally acute eyesight. (SInv)
Armour fits poorly on your strangely shaped body.
You can roll at nearby foes to attack.
You have a long armoured tail.
You curl defensively after being hit.


Message History

You take 1 damage, and have 26/67 hp.
The centaur wields a +0 shortbow.
The centaur shoots an arrow.
The arrow hits you!
* * * LOW HITPOINT WARNING * * *
The orc hits you but does no damage. x2
You see here an arrow.
You take 9 damage, and have 17/67 hp.
You slash the orc!
You kill the orc!
Dithmenos accepts your kill.
The centaur shoots an arrow.
The arrow hits you!
* * * LOW HITPOINT WARNING * * *
The orc barely misses you.
You take 13 damage, and have 4/67 hp.
You hit the orc wizard.
The orc wizard is severely wounded.
The orc hits you.
* * * LOW HITPOINT WARNING * * *
The centaur unwields a +0 shortbow.
The centaur hits you.
You die...

.. #. ...#. ..#.
...##+## #.....# #.....#
#..$..#
#.####.oc..#######
.......@o........#
....#....(.†)....#######
.. #..######....##.....
#.. #....##.<... #..
#........... #..
#........... #..
###+####+### +..


You could see a centaur, an orc wizard and an orc.

Vanquished Creatures
  Sigmund (D:3)
  A water moccasin (D:5)
  2 ice beasts
  A phantom (D:5)
  A scorpion (D:5)
  A bullfrog zombie (D:5)
  Crazy Yiuf (D:3)
  A bullfrog skeleton (D:5)
  Jessica (D:3)
  3 iguanas
  4 orc wizards
  A worker ant (D:5)
  2 hound skeletons
  A worker ant zombie (D:5)
  7 adders
  2 shadow imps
  A white imp (D:5)
  3 worms
  2 dart slugs
  2 leopard geckos
  13 orcs
  2 giant cockroaches (D:1)
  13 goblins
  8 hobgoblins
  4 jackals (D:3)
  2 quokkas (D:5)
  A ball python (D:1)
  7 bats
  5 frilled lizards
  A jackal skeleton (D:4)
  A jackal zombie (D:5)
  7 kobolds
  A leopard gecko skeleton (D:4)
  A quokka skeleton (D:5)
  3 rats
107 creatures vanquished.

Vanquished Creatures (others)
  An ogre (D:5)
  A shadow imp (D:5)
2 creatures vanquished.

Grand Total: 109 creatures vanquished

Notes
Turn   | Place    | Note
-------+----------+-------------------------------------------
     0 | D:5      | jasper the Palentonga Delver began the quest for the Orb.
     0 | D:5      | Reached XP level 1. HP: 20/20 MP: 1/1
   233 | D:4      | Noticed an orc wizard
   264 | D:4      | Killed an orc wizard
   265 | D:4      | Reached skill level 3 in Long Blades
   265 | D:4      | Reached XP level 2. HP: 16/27 MP: 2/2
   384 | D:4      | Reached XP level 3. HP: 30/33 MP: 3/3
   617 | D:4      | HP: 1/33 [poisoned by an adder]
   921 | D:3      | Reached skill level 4 in Long Blades
  1115 | D:1      | Reached XP level 4. HP: 35/40 MP: 4/4
  2001 | D:2      | Reached skill level 5 in Long Blades
  2046 | D:2      | Found a shimmering blue altar of Sif Muna.
  2517 | D:2      | Reached XP level 5. HP: 31/48 MP: 5/5
  2681 | D:2      | Found a shadowy altar of Dithmenos.
  2684 | D:2      | Became a worshipper of Dithmenos the Shadowed
  2882 | D:2      | Found a blossoming altar of Fedhas.
  3347 | D:3      | Noticed Jessica
  3362 | D:3      | Killed Jessica
  3570 | D:3      | Noticed Sigmund
  3589 | D:3      | Killed Sigmund
  3590 | D:3      | Reached skill level 6 in Long Blades
  3590 | D:3      | Reached XP level 6. HP: 40/54 MP: 6/6
  3757 | D:3      | Found a runed translucent door.
  3758 | D:3      | Noticed Crazy Yiuf
  4056 | D:3      | Killed Crazy Yiuf
  4114 | D:4      | Reached skill level 7 in Long Blades
  4528 | D:5      | Noticed an ice beast
  4529 | D:5      | Found a shimmering altar of Xom.
  4553 | D:4      | Killed an ice beast
  4554 | D:4      | Gained mutation: You curl defensively after being hit.
                  | [Palentonga growth]
  4554 | D:4      | Reached XP level 7. HP: 11/60 MP: 7/7
  4940 | D:5      | Found a hide-covered altar of Uskayaw.
  5118 | D:5      | Found a runed translucent door.
  5119 | D:5      | Noticed tinescath's ghost (novice GrEE)
  5217 | D:5      | Found a radiant altar of Vehumet.
  5219 | D:5      | Found a runed translucent door.
  5353 | D:5      | Reached skill level 8 in Long Blades
  5542 | D:5      | Reached skill level 9 in Long Blades
  5663 | D:5      | Found a staircase to the Ecumenical Temple.
  5983 | D:5      | Reached XP level 8. HP: 59/67 MP: 8/8
  6473 | D:6      | HP: 1/67 [orc (3)]
  6473 | D:6      | Slain by a centaur

Illustrated notes

Levels and vault maps discovered:
D:1:      eino_arrival_water_star, layout_rooms
D:2:      layout_loops_ring, marbit_many_paths, lemuel_round_altar,
          lemuel_coloured_pillars_altar, minmay_misc_feat_square
D:3:      layout_loops_corners, uniq_crazy_yiuf_cottage, uniq_sigmund,
          uniq_jessica
D:4:      layout_basic
D:5:      layout_basic, fiery_altar_vehumet, xom_confusion_cloud,
          overflow_temple_1_default, minmay_temple_entry_stoned_glass,
          ebering_ghost_sewer_f, minmay_circle_x
D:6:      layout_gridville, old_standard_altar, tgw_sif

Skill      XL: |  1  2  3  4  5  6  7 |
---------------+----------------------+-----
Long Blades    | 3 4 5 6 7 9 |  9.8
Fighting       | |  3.0
Dodging        | |  1.5
Stealth        | |  3.3

Action                   |  1- 3 |  4- 6 |  7- 9 || total
-------------------------+-------+-------+-------++-------
Melee: Falchion          |    91 |   190 |   151 ||   432
       Tailslap          |    10 |    25 |    29 ||    64
Throw: Stone             |       |     2 |     3 ||     5
 Abil: Rolling Charge    |    16 |    26 |     9 ||    51
  Use: Potion            |     1 |     7 |     2 ||    10
       Scroll            |       |     5 |     1 ||     6
Armor: Leather armour    |    17 |       |       ||    17
       Scale mail        |       |    96 |    78 ||   174
Dodge: Dodged            |    37 |    44 |    48 ||   129
       Rpst.: Falchion   |    13 |    15 |    11 ||    39

Table legend: (Time is in decaauts)
 A = Elapsed time spent in this place.
 B = Non-inter-level travel time spent in this place.
 C = Inter-level travel time spent in this place.
 D = Time resting spent in this place.
 E = Time spent auto-exploring this place.
 F = Levels seen in this place.
 G = Mean time per level.
                   A        B        C        D        E       F      G
               +--------+--------+--------+--------+--------+-----+--------+
         Total |   6450 |   6238 |    212 |   1108 |   4305 |   6 | 1075.0 |
       Dungeon |   6450 |   6238 |    212 |   1108 |   4305 |   6 | 1075.0 |
               +--------+--------+--------+--------+--------+-----+--------+

Top non-repeatable levels by time:
     D:4: 1734 daAuts
     D:5: 1495 daAuts
     D:2: 1462 daAuts
     D:3: 1257 daAuts
     D:1: 465 daAuts
     D:6: 35 daAuts
